 Dungeon Crawl Stone Soup version 0.31-a0-198-g2ad674f65e (webtiles) character file.

Game seed: 6775593569399860716

13312 Pooter the Fighter (level 12, -2/87 HPs)
             Began as a Gnoll Wanderer on June 25, 2023.
             Was an Elder of Hepliaklqana.
             Slain by a sun demon (10 damage)
             ... on level 10 of the Dungeon.
             The game lasted 01:08:42 (9076 turns).

Pooter the Fighter (Gnoll Wanderer)                 Turns: 9076, Time: 01:08:43

Health: -2/87      AC: 10    Str: 18    XL:     12   Next: 4%
Magic:  11/21      EV: 13    Int: 20    God:    Hepliaklqana [****..]
Gold:   132        SH: 15    Dex: 14    Spells: 12/26 levels left

rFire   . . .        a - +1 morningstar
rCold   . . .        l - +5 Storm Queen's Shield {shock, Fly rElec}
rNeg    . . .        w - +3 troll leather armour {Pargi}
rPois   .            D - +1 helmet
rElec   +            (no cloak)
rCorr   .            m - +3 pair of gauntlets of War {Slay+5}
SInv    .            G - +2 pair of boots
Will    .....        (no amulet)
Stlth   ++++         F - +6 ring of intelligence
HPRegen 1.14/turn    C - +6 ring of strength
MPRegen 0.17/turn

%: no passive effects
@: corroded, flying
A: reduced essence, fangs 1, strong nose, distributed training, low MP 1
a: Renounce Religion, Recall Ancestor, Ancestor Identity, Transference, Idealise


You were on level 10 of the Dungeon.
You worshipped Hepliaklqana.
Hepliaklqana was greatly pleased with you.
You visited 1 branch of the dungeon, and saw 10 of its levels.
You also visited: Sewer.

You collected 536 gold pieces.
You spent 404 gold pieces at shops.

Inventory:

Hand Weapons
 a - a +1 morningstar (weapon)
   (You took it off an orc priest on level 9 of the Dungeon)
 b - a +0 sling
   (You found it on level 1 of the Dungeon)
 f - a +0 war axe of freezing
   (You found it on level 2 of the Dungeon)
 n - a +2 dagger
 r - a +0 spear of venom
   (You found it on level 2 of the Dungeon)
 N - a +3 falchion of protection
   (You took it off an orc priest on level 3 of the Dungeon)
Missiles
 A - 18 poisoned darts (quivered)
 Q - 79 stones
Armour
 l - the +5 Storm Queen's Shield (worn) {shock, Fly rElec}
   (You found it on level 3 of the Dungeon)

   Shock:     When it blocks an attack, it may electrocute the attacker.
   This works even against foes who are a short distance away.
   rElec:     It insulates you from electricity.
   Fly:       It grants you flight.
 m - the +3 pair of gauntlets of War (worn) {Slay+5}
   (You acquired it on level 9 of the Dungeon)

   Slay:      It affects your accuracy & damage with ranged weapons and melee
   (+5).
 w - a +3 troll leather armour (worn) {Pargi}
   (You found it in a sewer)
 D - a +1 helmet (worn)
   (You found it on level 3 of the Dungeon)
 G - a +2 pair of boots (worn)
   (You found it on level 6 of the Dungeon)
 O - a +0 robe of fire resistance
   (You took it off a gnoll bouda on level 9 of the Dungeon)
Jewellery
 C - a +6 ring of strength (right hand)
   (You took it off a goblin on level 4 of the Dungeon)
 F - a +6 ring of intelligence (left hand)
   (You found it on level 5 of the Dungeon)
 S - a ring of see invisible
   (You bought it in a shop on level 3 of the Dungeon)
Wands
 d - a wand of iceblast (13)
   (You took it off Pikel on level 7 of the Dungeon)
 i - a wand of quicksilver (3)
   (You found it on level 9 of the Dungeon)
Scrolls
 c - 3 scrolls of poison {!r}
 j - 3 scrolls of torment {!r}
 o - 2 scrolls of fear
 q - 4 scrolls of butterflies
 t - 3 scrolls of teleportation {@r4}
 x - a scroll of fog
 E - a scroll of noise {!r}
 P - a scroll of immolation {!r}
Potions
 e - a potion of heal wounds {unknown}
 g - 3 potions of brilliance
 h - 2 potions of ambrosia
 k - 10 potions of curing {@q1}
 p - a potion of might
 s - 3 potions of cancellation {unknown}
 u - 2 potions of resistance {unknown}
 v - 3 potions of magic
 z - 2 potions of invisibility
 B - a potion of degeneration {unknown}
 H - 2 potions of attraction {unknown}
 I - a potion of lignification {!q}
 J - a potion of mutation {unknown}
 K - 2 potions of enlightenment
 L - a potion of berserk rage
 M - a potion of haste {unknown}


   Skills:
 + Level 9.8 Fighting
 + Level 7.1 Short Blades
 + Level 7.1 Long Blades
 + Level 7.1 Axes
 + Level 7.1 Maces & Flails
 + Level 7.1 Polearms
 + Level 7.1 Staves
 + Level 7.1 Ranged Weapons
 + Level 8.5 Throwing
 + Level 7.6 Armour
 + Level 7.1 Dodging
 + Level 8.3 Stealth
 + Level 7.1 Shields
 + Level 7.1 Unarmed Combat
 + Level 7.7 Spellcasting
 + Level 5.9 Conjurations
 + Level 5.9 Hexes
 + Level 5.9 Summonings
 + Level 5.9 Necromancy
 + Level 5.9 Translocations
 + Level 5.9 Transmutations
 + Level 5.9 Fire Magic
 + Level 6.3 Ice Magic
 + Level 5.9 Air Magic
 + Level 5.9 Earth Magic
 + Level 5.9 Poison Magic
 + Level 7.8 Invocations
 + Level 7.1 Evocations


You had 12 spell levels left.
You knew the following spells:

 Your Spells              Type           Power      Damage    Failure   Level
a - Freeze                Ice            100%       1d10      1%          1
b - Hailstorm             Conj/Ice       32%        3d8       5%          3
c - Poisonous Vapours     Pois/Air       62%        N/A       3%          2
d - Olgreb's Toxic Radia  Pois           31%        N/A       21%         4
e - Flame Wave            Conj/Fire      31%        2d9       21%         4

Your spell library contained the following spells:

 Spells                   Type           Power      Damage    Failure   Level
 Sting                    Tmut/Pois      100%       1d8       1%          1
 Scorch                   Fire           62%        2d8       3%          2
 Cause Fear               Hex            15%        N/A       21%         4
 Summon Cactus Giant      Summ           15%        N/A       97%         6
 Dragon Form              Tmut           15%        N/A       100%        7
 Dragon's Call            Summ           15%        N/A       100%        9


Dungeon Overview and Level Annotations

Branches:
Dungeon (10/15)            Temple (0/1) D:6            Lair (0/5) D:9
    Orc (0/2) D:10          Sewer (visited)

Altars:
Ashenzari
Cheibriados
Elyvilon
Hepliaklqana
Kikubaaqudgha
Okawaru
Qazlal
Ru
Sif Muna
Uskayaw
Wu Jian
The Shining One

Shops:
D:3 =   D:9 !

Annotations:
D:7 3 runed translucent doors, Darkkill's ghost, novice MiHu
D:9 3 runed translucent doors, osoart's ghost, journeyman DjFE


Innate Abilities, Weirdness & Mutations

Your life essence is reduced to manifest your ancestor. (-10% HP)
You have very sharp teeth.
Your uncanny sense of smell can sniff out nearby items.
Your experience applies equally to all skills.
Your magical capacity is low. (-10% MP)


Message History

The hail pelts the hellwing!
The hail pelts the rust devil!
The rust devil partially resists.
The hail misses the ynoxinul.
The ynoxinul gestures at you. You block the entropic shot.
Your shield discharges, shocking the ynoxinul!
The ynoxinul resists.
The sun demon misses you.
You hit the sun demon.
The ynoxinul gestures.
You block the sun demon's attack.
Your shield discharges, shocking the sun demon!
The sun demon resists.
The rust devil hits you. The rust devil corrodes you!
You block the ice devil's attack.
You closely miss the sun demon. The sun demon barely misses you.
You block the quasit's attack.
The quasit claws you but does no damage.
The quasit completely misses you.
Synnove gestures at the quasit while chanting.
The quasit appears confused.
The rust devil hits you. The rust devil corrodes you!
The ice devil closely misses you.
The hellwing swoops through the air toward you!
You block the hellwing's attack.
Your shield discharges, shocking the hellwing!
The hellwing hits you. The sun demon hits you!!
You are engulfed in flames!
You hit the sun demon. The sun demon barely misses you.
You block the ice devil's attack. You block the ynoxinul's attack.
The hellwing hits you. The hellwing closely misses you.
You block the rust devil's attack.
Your shield discharges, shocking the rust devil!
The rust devil resists.
Synnove barely misses the quasit.
You puncture the sun demon! Your bite misses the sun demon.
Synnove is no longer covered in acid.
The ufetubus closely misses you.
The ufetubus hits you but does no damage.
The sun demon hits you!!
* * * LOW HITPOINT WARNING * * *
You are engulfed in flames!
* * * LOW HITPOINT WARNING * * *
Synnove hits the quasit with a +0 dagger of draining!
The quasit dies!
You block the ynoxinul's attack. The ice devil completely misses you.
You block the rust devil's attack.
Your shield discharges, shocking the rust devil!
The rust devil resists.
The hellwing hits you.
* * * LOW HITPOINT WARNING * * *
The hellwing hits you but does no damage.
The ufetubus closely misses you. You block the ufetubus's attack.
The sun demon hits you!
* * * LOW HITPOINT WARNING * * *
You are engulfed in flames!
You die...

..$....................[
..................#####..
..........#######.# #..
...(....^.# #.# #..
..........# #.# #..
.(.....†.<# #.# #..
........R.# #.# #..
.......4†.# #.# #..
.......3@4# #.# #..
.......435# #.# #..
........5.# #.# #..
.......$..# #.# #..
..>...[...# #.# #.. ∆
..........# #.# #..
###.......# #.# #..
#.......# #.# #..
#.......# #.# #..


You could see the friendly Synnove the hexer, a sun demon (ally target), a
hellwing, an ice devil, a rust devil, a ynoxinul and 2 ufetubi.

Vanquished Creatures
  A sixfirhy (D:9)
  Pikel (D:7)
  2 rust devils (D:10)
  A smoke demon (D:10)
  An unseen horror (D:10)
  A troll (D:10)
  A ynoxinul (D:10)
  16 yaks
  Grum (D:8)
  A neqoxec (D:10)
  Pargi (Sewer)
  An orc warrior (D:9)
  An ice beast (D:5)
  3 black bears
  2 ogres
  3 centaurs
  2 lemures (D:6)
  A wolf (D:8)
  5 bullfrogs
  5 scorpions
  2 wights (D:8)
  25 killer bees
  2 quasits (D:10)
  6 orc priests
  4 hounds (D:5)
  3 jellies (D:5)
  4 orc wizards
  A sleepcap (D:6)
  5 gnolls
  7 adders
  A shadow imp (D:7)
  2 white imps
  An ufetubus (D:6)
  5 worms
  3 dart slugs
  17 orcs
  7 bats
  2 endoplasms (D:2)
  3 giant cockroaches (D:2)
  3 hobgoblins
  9 jackals
  4 kobolds
  5 quokkas
  3 ball pythons
  4 frilled lizards
  6 goblins
  3 rats (D:1)
187 creatures vanquished.

Vanquished Creatures (collateral kills)
  A two-headed ogre (D:9)
  A smoke demon (D:10)
  A komodo dragon (D:7)
  A red devil (D:10)
  Grinder (D:6)
  5 yaks (D:8)
  A chaos spawn (D:10)
  2 wargs (D:9)
  An acid dragon (D:9)
  A water moccasin (D:8)
  2 sky beasts
  An ice beast (D:6)
  An orc warrior (D:10)
  A black bear (D:6)
  2 wolves (D:8)
  2 centaurs
  2 kobold brigands (D:6)
  2 bullfrogs (D:7)
  2 gnoll sergeants
  A wight (D:8)
  5 killer bees
  A quasit (D:10)
  4 jellies (D:6)
  An orc priest (D:10)
  2 gnoll boudas
  An iguana (D:5)
  3 orc wizards
  7 gnolls
  A white imp (D:5)
  A worm (D:4)
  6 orcs
  2 kobolds (D:6)
65 creatures vanquished.

Vanquished Creatures (others)
  5 hexers
5 creatures vanquished.

Grand Total: 257 creatures vanquished

Notes
Turn   | Place    | Note
-------+----------+-------------------------------------------
     0 | D:1      | Pooter the Gnoll Wanderer began the quest for the Orb.
     0 | D:1      | Pooter set off with the following items: a +2 dagger, 2
                  | curare-tipped darts, a +0 helmet, a potion of lignification
                  | {!q}, a +0 leather armour; and the following spell
                  | memorised: Freeze; and the following spells available to
                  | memorise: Hailstorm.
     0 | D:1      | Reached XP level 1. HP: 23/23 MP: 4/4
   257 | D:1      | Reached XP level 2. HP: 28/29 MP: 5/5
   748 | D:2      | Reached XP level 3. HP: 32/35 MP: 7/7
   882 | D:2      | Reached skill level 1 in Invocations
  1028 | D:2      | Reached skill level 1 in Short Blades
  1028 | D:2      | Reached skill level 1 in Long Blades
  1028 | D:2      | Reached skill level 1 in Axes
  1028 | D:2      | Reached skill level 1 in Maces & Flails
  1028 | D:2      | Reached skill level 1 in Polearms
  1028 | D:2      | Reached skill level 1 in Staves
  1028 | D:2      | Reached skill level 1 in Ranged Weapons
  1028 | D:2      | Reached skill level 1 in Dodging
  1028 | D:2      | Reached skill level 1 in Shields
  1028 | D:2      | Reached skill level 1 in Unarmed Combat
  1028 | D:2      | Reached skill level 1 in Evocations
  1213 | D:2      | Reached XP level 4. HP: 41/41 MP: 6/8
  1417 | D:3      | Found the +5 Storm Queen's Shield {shock, Fly rElec}
  1451 | D:3      | Reached skill level 1 in Conjurations
  1451 | D:3      | Reached skill level 1 in Hexes
  1451 | D:3      | Reached skill level 1 in Summonings
  1451 | D:3      | Reached skill level 1 in Necromancy
  1451 | D:3      | Reached skill level 1 in Translocations
  1451 | D:3      | Reached skill level 1 in Transmutations
  1451 | D:3      | Reached skill level 1 in Fire Magic
  1451 | D:3      | Reached skill level 1 in Air Magic
  1451 | D:3      | Reached skill level 1 in Earth Magic
  1451 | D:3      | Reached skill level 1 in Poison Magic
  1464 | D:3      | Noticed a black bear
  1496 | D:3      | Killed a black bear
  1497 | D:3      | Reached XP level 5. HP: 47/47 MP: 9/9
  1564 | D:3      | Found Ontil's Jewellery Shoppe.
  1595 | D:3      | Found a glowing drain.
  1614 | Sewer    | Entered a sewer
  1658 | Sewer    | Noticed Pargi
  1661 | Sewer    | Killed Pargi
  1662 | Sewer    | Reached skill level 5 in Throwing
  1662 | Sewer    | Reached XP level 6. HP: 53/53 MP: 9/11
  1881 | D:3      | Found a hazy altar of Hepliaklqana.
  1887 | D:3      | Found a snail-covered altar of Cheibriados.
  1888 | D:3      | Found a shimmering blue altar of Sif Muna.
  1889 | D:3      | Found a sacrificial altar of Ru.
  1891 | D:3      | Found an ancient bone altar of Kikubaaqudgha.
  1902 | D:3      | Became a worshipper of Hepliaklqana the Forgotten
  2117 | D:3      | Found an iron altar of Okawaru.
  2651 | D:3      | Bought a ring of see invisible for 180 gold pieces
  2775 | D:4      | Noticed a black bear
  2799 | D:4      | Killed a black bear
  2800 | D:4      | Reached skill level 7 in Fighting
  2800 | D:4      | Reached XP level 7. HP: 60/60 MP: 12/12
  2820 | D:4      | Reached * piety under Hepliaklqana
  2847 | D:4      | Identified the +3 leather armour "Sal Tioveod" {rC+}
  3130 | D:4      | Found a hide-covered altar of Uskayaw.
  3207 | D:5      | Entered Level 5 of the Dungeon
  3260 | D:5      | Reached skill level 5 in Stealth
  3411 | D:5      | Reached ** piety under Hepliaklqana
  3412 | D:5      | Remembered your ancestor Synnove as a hexer
  3578 | D:5      | Reached XP level 8. HP: 60/60 MP: 14/14
  3775 | D:5      | Noticed a yak
  3777 | D:5      | Noticed a yak
  3779 | D:5      | Noticed a yak
  3779 | D:5      | Noticed a yak
  3800 | D:5      | Killed a yak
  3811 | D:5      | Killed a yak
  3816 | D:5      | Killed a yak
  3822 | D:5      | Killed a yak
  3844 | D:5      | Found an ornate altar of the Wu Jian Council.
  4146 | D:6      | Reached XP level 9. HP: 65/65 MP: 16/16
  4185 | D:6      | Reached skill level 5 in Spellcasting
  4269 | D:6      | Reached skill level 5 in Armour
  4339 | D:6      | Found a staircase to the Ecumenical Temple.
  4799 | D:6      | Found a white marble altar of Elyvilon.
  4799 | D:6      | Found a glowing golden altar of the Shining One.
  4833 | D:6      | Noticed Grinder
  4837 | D:6      | Paralysed by Grinder for 2 turns
  4839 | D:6      | Reached skill level 8 in Fighting
  4847 | D:6      | Killed Grinder
  4848 | D:6      | Reached skill level 5 in Invocations
  4904 | D:7      | Found a runed translucent gate.
  4904 | D:7      | Found a runed translucent gate.
  4904 | D:7      | Found a runed translucent gate.
  4905 | D:7      | Noticed Darkkill's ghost (novice MiHu)
  4905 | D:7      | Noticed a spectral unseen horror
  4983 | D:7      | Noticed Pikel
  5129 | D:7      | Killed Pikel
  5183 | D:7      | Reached *** piety under Hepliaklqana
  5700 | D:7      | Reached skill level 5 in Short Blades
  5700 | D:7      | Reached skill level 5 in Long Blades
  5700 | D:7      | Reached skill level 5 in Axes
  5700 | D:7      | Reached skill level 5 in Maces & Flails
  5700 | D:7      | Reached skill level 5 in Polearms
  5700 | D:7      | Reached skill level 5 in Staves
  5700 | D:7      | Reached skill level 5 in Ranged Weapons
  5700 | D:7      | Reached skill level 5 in Dodging
  5700 | D:7      | Reached skill level 5 in Shields
  5700 | D:7      | Reached skill level 5 in Unarmed Combat
  5700 | D:7      | Reached skill level 5 in Evocations
  5700 | D:7      | Reached XP level 10. HP: 54/72 MP: 18/18
  5910 | D:7      | Learned a level 3 spell: Hailstorm
  6169 | D:8      | Noticed Grum
  6175 | D:8      | Killed Grum
  6176 | D:8      | Reached skill level 5 in Ice Magic
  6624 | D:8      | Reached skill level 9 in Fighting
  6632 | D:8      | Reached skill level 5 in Conjurations
  6632 | D:8      | Reached skill level 5 in Hexes
  6632 | D:8      | Reached skill level 5 in Summonings
  6632 | D:8      | Reached skill level 5 in Necromancy
  6632 | D:8      | Reached skill level 5 in Translocations
  6632 | D:8      | Reached skill level 5 in Transmutations
  6632 | D:8      | Reached skill level 5 in Fire Magic
  6632 | D:8      | Reached skill level 5 in Air Magic
  6632 | D:8      | Reached skill level 5 in Earth Magic
  6632 | D:8      | Reached skill level 5 in Poison Magic
  6632 | D:8      | Reached XP level 11. HP: 77/80 MP: 21/21
  6660 | D:8      | Learned a level 2 spell: Poisonous Vapours
  6665 | D:8      | Learned a level 4 spell: Olgreb's Toxic Radiance
  7003 | D:9      | Found a runed translucent gate.
  7003 | D:9      | Found a runed translucent gate.
  7003 | D:9      | Found a runed translucent gate.
  7004 | D:9      | Noticed osoart's ghost (journeyman DjFE)
  7017 | D:9      | Identified a scroll of acquirement
  7017 | D:9      | Acquired the +3 pair of gauntlets of War {Slay+5}
  7017 | D:9      | Found the +3 pair of gauntlets of War {Slay+5}
  7172 | D:9      | Noticed a two-headed ogre
  7179 | D:9      | Killed a two-headed ogre
  7289 | D:9      | Found a stormy altar of Qazlal.
  7314 | D:9      | Found a broken altar of Ashenzari.
  7442 | D:9      | Reached **** piety under Hepliaklqana
  7587 | D:9      | Found a staircase to the Lair.
  7847 | D:9      | Found Taungyso's Distillery.
  7855 | D:9      | Bought a potion of might for 64 gold pieces
  7855 | D:9      | Bought a potion of enlightenment for 80 gold pieces
  7855 | D:9      | Bought a potion of berserk rage for 80 gold pieces
  8013 | D:10     | Entered Level 10 of the Dungeon
  8164 | D:10     | Noticed a sixfirhy
  8186 | D:9      | Killed a sixfirhy
  8195 | D:9      | Learned a level 4 spell: Flame Wave
  8201 | D:10     | Gained mutation: Your magical capacity is low. (-10% MP) [a
                  | neqoxec]
  8428 | D:10     | Upgraded the game from 0.31-a0-196-g86fe4a5e66 to
                  | 0.31-a0-198-g2ad674f65e
  8520 | D:10     | Found a staircase to the Orcish Mines.
  9060 | D:10     | Noticed a sun demon
  9068 | D:10     | Reached XP level 12. HP: 87/87 MP: 12/21
  9076 | D:10     | Slain by a sun demon

Illustrated notes

Levels and vault maps discovered:
D:1:      dpeg_arrival_subterranean_lakeside_camping, layout_basic,
          grunt_decor_arrowhead
D:2:      layout_loops_cross, kennysheep_nub
D:3:      layout_rooms, minitemple, nicolae_overflow_hidden_temple,
          cheibrodos_sewer_entry_bend, serial_shops, shop
D:4:      layout_basic, mainiacjoe_overflow_tiny_flanked
D:5:      layout_basic, old_standard_altar
D:6:      layout_rooms, gammafunk_temple_overflow_wave,
          minmay_temple_entry_antechambers, st_stairs_14, nicolae_the_louvre,
          uniq_grinder
D:7:      black_bear_nest_2, layout_basic, gammafunk_ghost_necromancy,
          uniq_pikel
D:8:      layout_cave_pools, uniq_grum
D:9:      layout_irregular_city, mainiacjoe_overflow_alcove_1,
          grunt_qazlal_clouds, erik_lair_orcish_takeover, serial_shops, shop,
          gammafunk_ghost_spectres
D:10:     layout_long_grid, tgw_trog, minmay_orc_entry_temple_small,
          serial_demonic, serial_demonic_b, serial_demonic_b, serial_demonic_b,
          serial_demonic_a, serial_demonic_g, serial_demonic_d, serial_demonic_c

Skill      XL: |  1  2  3  4  5  6  7  8  9 10 11 |
---------------+----------------------------------+-----
Ice Magic      | 2 3 4 5 6 |  6.3
Invocations    | 1 2 3 4 5 6 7 |  7.8
Short Blades   | 1 2 3 5 6 7 |  7.1
Long Blades    | 1 2 3 5 6 7 |  7.1
Axes           | 1 2 3 5 6 7 |  7.1
Maces & Flails | 1 2 3 5 6 7 |  7.1
Polearms       | 1 2 3 5 6 7 |  7.1
Staves         | 1 2 3 5 6 7 |  7.1
Ranged Weapons | 1 2 3 5 6 7 |  7.1
Dodging        | 1 2 3 5 6 7 |  7.1
Shields        | 1 2 3 5 6 7 |  7.1
Unarmed Combat | 1 2 3 5 6 7 |  7.1
Evocations     | 1 2 3 5 6 7 |  7.1
Spellcasting   | 3 4 5 6 7 |  7.7
Conjurations   | 1 2 3 4 5 |  5.9
Hexes          | 1 2 3 4 5 |  5.9
Summonings     | 1 2 3 4 5 |  5.9
Necromancy     | 1 2 3 4 5 |  5.9
Translocations | 1 2 3 4 5 |  5.9
Transmutations | 1 2 3 4 5 |  5.9
Fire Magic     | 1 2 3 4 5 |  5.9
Air Magic      | 1 2 3 4 5 |  5.9
Earth Magic    | 1 2 3 4 5 |  5.9
Poison Magic   | 1 2 3 4 5 |  5.9
Armour         | 3 4 5 6 7 |  7.6
Throwing       | 5 6 7 8 |  8.5
Fighting       | 7 8 9 |  9.8
Stealth        | 5 6 7 8 |  8.3

Action                     |  1- 3 |  4- 6 |  7- 9 | 10-12 || total
---------------------------+-------+-------+-------+-------++-------
  Melee: Dagger            |    40 |       |       |       ||    40
         Bite              |    11 |     4 |    14 |    21 ||    50
         War axe           |    19 |    45 |     8 |     1 ||    73
         Falchion          |       |     6 |    97 |    84 ||   187
         Morningstar       |       |       |       |    53 ||    53
   Fire: Sling             |    44 |    41 |   131 |   132 ||   348
  Throw: Dart              |       |     5 |    22 |    24 ||    51
         Stone             |       |     1 |       |       ||     1
   Cast: Freeze            |     2 |     3 |     2 |     2 ||     9
         Hailstorm         |       |       |       |    11 ||    11
         Olgreb's Toxic Ra |       |       |       |     8 ||     8
         Poisonous Vapours |       |       |       |     5 ||     5
         Flame Wave        |       |       |       |     2 ||     2
 Invoke: Ancestor Life: He |       |       |     1 |       ||     1
         Ancestor Identity |       |       |     1 |       ||     1
  Evoke: Wand              |       |       |       |     3 ||     3
    Use: Scroll            |       |     4 |     7 |    14 ||    25
         Potion            |       |       |       |     1 ||     1
   Stab: Sleeping          |     2 |     2 |     1 |     2 ||     7
         Distracted        |       |       |     1 |     3 ||     4
         Confused          |       |       |       |     4 ||     4
 Armour: Leather armour    |    27 |    13 |       |       ||    40
         Troll leather arm |       |     7 |    39 |    64 ||   110
  Dodge: Dodged            |    46 |    20 |    46 |    85 ||   197
  Block: Kite shield       |       |    39 |    64 |   163 ||   266

Table legend: (Time is in decaauts)
 A = Elapsed time spent in this place.
 B = Non-inter-level travel time spent in this place.
 C = Inter-level travel time spent in this place.
 D = Time resting spent in this place.
 E = Time spent auto-exploring this place.
 F = Levels seen in this place.
 G = Mean time per level.
                   A        B        C        D        E       F      G
               +--------+--------+--------+--------+--------+-----+--------+
         Total |   9247 |   8924 |    323 |   1890 |   4904 |  11 |  840.6 |
       Dungeon |   9117 |   8794 |    323 |   1884 |   4904 |  10 |  911.7 |
         Sewer |    130 |    130 |      0 |      6 |      0 |   1 |  130.0 |
               +--------+--------+--------+--------+--------+-----+--------+

Top non-repeatable levels by time:
     D:7: 1214 daAuts
    D:10: 1051 daAuts
     D:9: 1045 daAuts
     D:5: 934 daAuts
     D:8: 914 daAuts
     D:3: 895 daAuts
     D:4: 819 daAuts
     D:6: 810 daAuts
     D:2: 755 daAuts
     D:1: 675 daAuts
   Sewer: 130 daAuts
